 Dungeon Crawl Stone Soup version 0.19-a0-1513-gf6d23ed (webtiles) character file.

8666 Kidiri the Thaumaturge (level 11, -6/61 HPs)
             Began as a Deep Elf Fire Elementalist on Sept 12, 2016.
             Was a Priest of Vehumet.
             Mangled by a merfolk
             ... wielding a +0 trident
              (18 damage)
             ... on level 3 of the Lair of Beasts.
             The game lasted 00:41:00 (13580 turns).

Kidiri the Thaumaturge (DEFE)                      Turns: 13580, Time: 00:41:01

Health: -6/61      AC:  9    Str:  5    XL:     11   Next: 12%
Magic:  15/29      EV:  7    Int: 24    God:    Vehumet [***...]
Gold:   724        SH:  0    Dex: 15    Spells: 8 memorised, 11 levels left

rFire  . . .     SeeInvis .     z - +6 short sword of Feodghil {flame, rElec rPois Stlth+}
rCold  + . .     Gourm    .     x - +3 leather armour {rC+}
rNeg   . . .     Faith    +     (no shield)
rPois  +         Spirit   .     (no helmet)
rElec  +         Dismiss  .     (no cloak)
rCorr  .         Reflect  .     A - +2 pair of gloves
MR     +....     Harm     .     (no boots)
Stlth  ++++......               C - amulet of faith
                                (no ring)
                                B - ring of stealth

@: mesmerised, very slightly contaminated, held
A: blink
a: Blink, Renounce Religion


You were on level 3 of the Lair of Beasts.
You worshipped Vehumet.
Vehumet was most pleased with you.
You were full.

You visited 3 branches of the dungeon, and saw 12 of its levels.
You also visited: Sewer.

You collected 724 gold pieces.

Inventory:

Hand Weapons
 w - a +3 rapier of holy wrath
 z - the +6 short sword of Feodghil (weapon) {flame, rElec rPois Stlth+}
   (You took it off an orc on level 6 of the Dungeon)

   It has been specially enchanted to burn those struck by it, causing extra
   injury to most foes and up to half again as much damage against particularly
   susceptible opponents.
   It insulates you from electricity.
   It protects you from poison.
   It makes you more stealthy.
Armour
 x - a +3 leather armour of cold resistance (worn)
 y - a +1 shield
 A - a +2 pair of gloves (worn)
Jewellery
 d - an uncursed ring of see invisible
 f - an uncursed amulet of regeneration
 B - a ring of stealth (left hand)
 C - an amulet of faith (around neck)
Wands
 h - a wand of iceblast (11/15)
 l - a wand of iceblast (7/15)
 n - a wand of flame (17/48)
Scrolls
 a - 4 scrolls of remove curse
 b - a scroll of blinking
 e - 3 scrolls of recharging
 g - a scroll of fear
 i - 6 scrolls of teleportation
 p - 3 scrolls of magic mapping
Potions
 j - 8 potions of curing
 o - 5 potions of heal wounds {unknown}
 q - 4 potions of agility {unknown}
 r - 2 potions of brilliance
 t - a potion of might
 u - 2 potions of invisibility
 v - a potion of lignification
 D - a potion of haste {unknown}
Comestibles
 c - 6 bread rations
 k - 7 beef jerkies
 m - 21 fruits
 s - 4 meat rations


   Skills:
 + Level 4.2 Fighting
 + Level 4.9 Short Blades
 * Level 3.9 Armour
 + Level 5.9 Dodging
 - Level 2.4 Stealth
 + Level 2.9 Shields
 * Level 12.0 Spellcasting
 + Level 6.4 Conjurations
 + Level 7.8 Fire Magic
 + Level 2.9 Ice Magic
 * Level 1.6 Earth Magic
 + Level 4.3 Evocations


You had 11 spell levels left.
You knew the following spells:

 Your Spells              Type           Power        Failure   Level  Hunger
a - Flame Tongue          Conj/Fire      #####        1%          1    None
b - Throw Flame           Conj/Fire      #####.       1%          2    None
c - Conjure Flame         Conj/Fire      #####...     1%          3    None
d - Inner Flame           Hex/Fire       ####....     1%          3    None
e - Sticky Flame          Conj/Fire      #####...     1%          4    None
f - Fireball              Conj/Fire      #####.....   3%          5    ###....
g - Throw Frost           Conj/Ice       #####.       1%          2    None
h - Stone Arrow           Conj/Erth      ####..       1%          3    None


Dungeon Overview and Level Annotations

Branches:
Dungeon (8/15)             Temple (1/1) D:5            Lair (3/6) D:8
 Shoals (0/4) Lair:3
  Snake: Lair:2-4    Spider: Lair:2-4

Altars:
Ashenzari
Cheibriados
Dithmenos
Elyvilon
Fedhas
Gozag
Hepliaklqana
Kikubaaqudgha
Makhleb
Nemelex Xobeh
Okawaru
Qazlal
Ru
Sif Muna
Trog
Uskayaw
Vehumet
Xom
Yredelemnul
Zin
The Shining One

Shops:
D:4 *   D:8 }


Innate Abilities, Weirdness & Mutations

You can translocate small distances at will.


Message History

Blink to where?
Press: ? - help, Dir - move target cursor, p - merfolk You cannot blink away from the siren!
Blink to where?
Press: ? - help, Dir - move target cursor
Okay, then.
Unknown command.
You feel better. The merfolk barely misses you.
The siren chants its luring song. x2
Casting: Flame Tongue
Confirm with . or Enter, or press ? or * to list all spells.
Aiming: Stone Arrow
Press: ? - help, Shift-Dir - straight line, f - merfolk
Aim: a merfolk, wielding a trident (almost dead)
You miscast Stone Arrow.
You are very lightly contaminated with residual magic.
You momentarily stiffen.
The siren chants its luring song.
The merfolk hits you from afar with a trident!!
You die...

....................#
###...........#....P#
##.........#.....##
##...######.###.#
#####...#####..#
#>#..###..#
≈mm≈...#..# #)≈m.#..#
#.≈@..# ###...(#
......# .....P##
##.....# ......#
......## ......#


You could see a merfolk and 2 sirens.

Vanquished Creatures
  4 elephants
  A merfolk (Lair:3)
  The ghost of Amnesiac the Shield-Bearer, an amateur HaFi (D:4)
  8 yaks
  A wyvern (D:8)
  Eustachio (D:4)
  5 hippogriffs
  3 water moccasins
  7 porcupines
  2 sky beasts
  A phantom (D:4)
  7 ogres
  A necrophage (D:6)
  3 wolves (Lair:2)
  7 crocodiles
  Blork the orc (D:5)
  3 big kobolds (Sewer)
  4 giant frogs
  A wyvern zombie (D:6)
  2 scorpions
  3 crimson imps
  2 jellies
  3 orc priests (D:6)
  A centaur skeleton (D:8)
  4 hounds
  2 orc wizards
  4 iguanas
  6 hell rats (Lair:1)
  7 worker ants
  6 gnolls
  A howler monkey skeleton (D:4)
  3 river rats (D:4)
  14 adders
  3 oozes
  An adder zombie (D:4)
  2 adder skeletons
  2 worms
  4 dart slugs
  10 giant geckos
  17 orcs
  12 giant cockroaches
  9 goblins
  11 hobgoblins
  12 jackals
  16 kobolds
  5 quokkas
  3 ball pythons
  A ball python skeleton (D:5)
  10 bats
  A giant gecko skeleton (D:7)
  6 giant newts
  A jackal skeleton (D:7)
  11 rats
256 creatures vanquished.

Vanquished Creatures (collateral kills)
  2 yaks (Lair:2)
2 creatures vanquished.

Vanquished Creatures (others)
  A fungus (Lair:2)
1 creature vanquished.

Grand Total: 259 creatures vanquished

Notes
Turn   | Place    | Note
-------+----------+-------------------------------------------
     0 | D:1      | Kidiri the Deep Elf Fire Elementalist began the quest for the Orb.
     0 | D:1      | Reached XP level 1. HP: 10/10 MP: 6/6
   667 | D:1      | Reached XP level 2. HP: 15/15 MP: 6/8
   671 | D:1      | Learned a level 2 spell: Throw Flame
   916 | D:1      | Reached skill level 4 in Spellcasting
  1177 | D:1      | Reached XP level 3. HP: 17/19 MP: 5/10
  1182 | D:1      | Learned a level 3 spell: Conjure Flame
  1186 | D:1      | Learned a level 3 spell: Inner Flame
  1870 | D:2      | Reached XP level 4. HP: 23/24 MP: 7/12
  1877 | D:2      | Reached skill level 5 in Spellcasting
  2073 | D:2      | Learned a level 4 spell: Sticky Flame
  3009 | D:3      | Reached XP level 5. HP: 26/28 MP: 9/14
  3874 | D:3      | Reached skill level 6 in Spellcasting
  4179 | D:4      | Found a glowing drain.
  4221 | Sewer    | Entered a sewer
  4400 | Sewer    | Reached XP level 6. HP: 32/32 MP: 12/17
  4612 | Sewer    | Reached skill level 7 in Spellcasting
  4778 | Sewer    | Reached skill level 5 in Fire Magic
  4869 | D:4      | Learned a level 5 spell: Fireball
  4938 | D:4      | Reached XP level 7. HP: 30/36 MP: 15/20
  5010 | D:4      | Noticed Amnesiac's ghost (amateur HaFi)
  5030 | D:4      | Killed Amnesiac's ghost
  5030 | D:4      | Reached skill level 1 in Short Blades
  5150 | D:4      | Reached skill level 1 in Fighting
  5150 | D:4      | Reached skill level 1 in Armour
  5150 | D:4      | Reached skill level 8 in Spellcasting
  5356 | D:4      | Found Puesina's Serpentskin Sales.
  5379 | D:4      | Noticed Eustachio
  5418 | D:4      | Killed Eustachio
  5418 | D:4      | Reached XP level 8. HP: 43/43 MP: 6/22
  5725 | D:5      | Entered Level 5 of the Dungeon
  5800 | D:5      | Noticed Blork the orc
  5816 | D:5      | Killed Blork the orc
  5936 | D:5      | Found a staircase to the Ecumenical Temple.
  5945 | Temple   | Entered the Ecumenical Temple
  6012 | Temple   | Became a worshipper of Vehumet
  6075 | D:5      | Reached skill level 9 in Spellcasting
  6083 | D:5      | Gained mutation: You can translocate small distances at will. [mutagenic meat]
  6089 | D:5      | Gained mutation: You are resistant to electric shocks. (rElec) [mutagenic meat]
  6092 | D:5      | Gained mutation: You are frail. (-10% HP) [mutagenic meat]
  6095 | D:5      | Gained mutation: You have large cloven feet. [mutagenic meat]
  6210 | D:5      | Reached skill level 1 in Evocations
  7068 | D:6      | Reached skill level 5 in Conjurations
  7095 | D:6      | Got a scorched short sword {flame}
  7096 | D:6      | Identified the +6 short sword of Feodghil {flame, rElec rPois Stlth+} (You took it off an orc on level 6 of the Dungeon)
  7238 | D:6      | Reached * piety under Vehumet
  7238 | D:6      | Offered knowledge of Magic Dart by Vehumet.
  7262 | D:6      | Gained mutation: You are agile. (Dex +2) [mutagenic meat]
  7265 | D:6      | Gained mutation: You are very frail. (-20% HP) [mutagenic meat]
  7268 | D:6      | Gained mutation: You are dopey. (Int -2) [mutagenic meat]
  7355 | D:6      | Reached XP level 9. HP: 38/38 MP: 18/24
  7759 | D:5      | Got a pitted plate armour
  7770 | D:5      | Identified the cursed +1 plate armour "Yquomeor" {rElec Slay+3} (You found it on level 5 of the Dungeon)
  7924 | D:7      | Reached skill level 1 in Shields
  8442 | D:7      | Lost mutation: You are dopey. (Int -2) [potion of cure mutation]
  8442 | D:7      | Lost mutation: You are very frail. (-20% HP) [potion of cure mutation]
  8442 | D:7      | Lost mutation: You are frail. (-10% HP) [potion of cure mutation]
  8442 | D:7      | Lost mutation: You are agile. (Dex +2) [potion of cure mutation]
  8442 | D:7      | Lost mutation: You are resistant to electric shocks. (rElec) [potion of cure mutation]
  8442 | D:7      | Lost mutation: You have large cloven feet. [potion of cure mutation]
  8566 | D:7      | Reached skill level 10 in Spellcasting
  9224 | D:8      | Found Uliedig's Gadget Shoppe.
  9304 | D:8      | Found a staircase to the Lair.
  9304 | D:8      | Noticed an elephant
  9529 | D:8      | Killed an elephant
  9821 | D:8      | Offered knowledge of Throw Frost by Vehumet.
  9825 | D:8      | Learned a level 2 spell: Throw Frost
  9960 | D:8      | Reached ** piety under Vehumet
 10184 | D:8      | Reached skill level 5 in Dodging
 10184 | D:8      | Reached XP level 10. HP: 42/56 MP: 18/26
 10224 | Lair:1   | Entered Level 1 of the Lair of Beasts
 10232 | Lair:1   | Reached skill level 1 in Ice Magic
 10483 | Lair:1   | Reached skill level 11 in Spellcasting
 11645 | Lair:2   | Noticed an elephant
 11645 | Lair:2   | Noticed an elephant
 11661 | Lair:2   | Killed an elephant
 11942 | Lair:2   | Noticed an elephant
 11957 | Lair:2   | Killed an elephant
 12171 | Lair:2   | Offered knowledge of Stone Arrow by Vehumet.
 12176 | Lair:2   | Learned a level 3 spell: Stone Arrow
 12667 | Lair:2   | Killed an elephant
 12667 | Lair:2   | Reached XP level 11. HP: 52/61 MP: 17/28
 12890 | Lair:2   | Reached *** piety under Vehumet
 13030 | Lair:2   | Reached skill level 12 in Spellcasting
 13030 | Lair:2   | Reached skill level 1 in Earth Magic
 13572 | Lair:3   | Found a staircase to the Shoals.
 13580 | Lair:3   | Mangled by a merfolk

Vault maps used:
D:1:      dpeg_arrival_windows_large_door
D:4:      gup_sewer_entry_bubbles, dk_vineyard_1, guppyfry_shop_venom,
          uniq_eustachio
D:5:      first_bread, hangedman_abyss_or_decor_stabs, uniq_blork_the_orc
D:7:      hangedman_abyss_or_decor_lesser_grid
D:8:      david_lair_generic, serial_shops, nicolae_shop_crystal,
          grunt_ogre_cave
Temple:   compressed_dpeg_circular_temple
Lair:1:   st_stairs_12, minivault_27
Lair:3:   elwin_shoals_entry_stream, special_room
Sewer:    kennysheep_pipe_town

Skill      XL: |  1  2  3  4  5  6  7  8  9 10 11 |
---------------+----------------------------------+-----
Spellcasting   | 4 5 6 7 8 9 10 11 12 | 12.0
Conjurations   | 2 3 4 5 6 |  6.4
Fire Magic     | 4 5 6 7 |  7.8
Short Blades   | 1 2 3 4 |  4.9
Fighting       | 1 2 3 4 |  4.2
Armour         | 1 2 3 |  3.9
Dodging        | 3 4 5 |  5.9
Evocations     | 1 2 4 |  4.3
Shields        | 1 2 |  2.9
Ice Magic      | 2 |  2.9
Earth Magic    | 1 |  1.6
Stealth        | |  2.4

Action                   |  1- 3 |  4- 6 |  7- 9 | 10-12 || total
-------------------------+-------+-------+-------+-------++-------
Melee: Unarmed           |     2 |       |       |       ||     2
       Dagger            |    11 |    59 |    40 |       ||   110
       Rapier            |       |       |    34 |     3 ||    37
       Kick              |       |       |     6 |       ||     6
       Short sword       |       |       |    38 |    30 ||    68
 Cast: Flame Tongue      |    44 |    96 |   163 |    60 ||   363
       Throw Flame       |     8 |     9 |    31 |    12 ||    60
       Sticky Flame      |       |     6 |    26 |    28 ||    60
       Conjure Flame     |       |     1 |     5 |     4 ||    10
       Inner Flame       |       |       |     2 |     2 ||     4
       Fireball          |       |       |     2 |     2 ||     4
 Abil: Blink             |       |       |     1 |       ||     1
  Use: Scroll            |     5 |     5 |    13 |     4 ||    27
       Potion            |       |     1 |     1 |     1 ||     3
 Stab: Sleeping          |     2 |     7 |     5 |     4 ||    18
  Eat: Chunk             |     3 |     8 |    24 |     7 ||    42
       Meat ration       |       |     1 |       |       ||     1
       Fruit             |       |       |       |    11 ||    11
Armor: Robe              |     9 |    11 |     4 |       ||    24
       Leather armour    |       |       |    42 |    11 ||    53
Dodge: Dodged            |    38 |    74 |   138 |    56 ||   306
